 Dungeon Crawl Stone Soup version 0.21-a0-349-g0c35859 (webtiles) character file.

113209 SpeedyPerson7 the Severer (level 15, -6/146 HPs)
             Began as a Minotaur Berserker on Oct 7, 2017.
             Was a High Priest of Trog.
             Blown up by an orb spider (30 damage)
             ... with an orb of destruction
             ... on level 2 of the Spider Nest.
             The game lasted 00:28:38 (21134 turns).

SpeedyPerson7 the Severer (Minotaur Berserker)     Turns: 21134, Time: 00:28:39

Health: -6/146     AC: 23    Str: 30    XL:     15   Next: 79%
Magic:  24/24      EV: 14    Int: 15    God:    Trog [*****.]
Gold:   1329       SH: 17    Dex: 17    Spells: 14/14 levels left

rFire    . . .     SeeInvis .   I - +12 war axe "Areonik" {flame, rN+++ MR- Str+5 Int+2}
rCold    + . .     Gourm    .   B - +2 shield {rC+}
rNeg     + + +     Faith    .   o - +0 plate armour
rPois    +         Spirit   .   N - +3 hat of Pondering {ponderous, MR+ MP+10 Int+5}
rElec    +         Reflect  .   G - +1 cloak
rCorr    .         Harm     .   T - +0 pair of gloves of Marbles {rElec}
MR       +....                  (no boots)
Stlth    ..........             (no amulet)
HPRegen  0.34/turn              n - ring "Olaunih" {AC+2 Int+4 Dex+4 Stlth+}
MPRegen  0.19/turn              P - ring of poison resistance

@: lethally poisoned (-6 -> -6), about to teleport, berserk cooldown, very
slightly contaminated, slowed, very slow
A: retaliatory headbutt, horns 2
}: 1/15 runes: decaying
a: Berserk, Trog's Hand, Brothers in Arms, Burn Spellbooks, Renounce Religion


You were on level 2 of the Spider Nest.
You worshipped Trog.
Trog was extremely pleased with you.
You were very hungry.

You visited 4 branches of the dungeon, and saw 24 of its levels.

You collected 1564 gold pieces.
You spent 235 gold pieces at shops.

Inventory:

Hand Weapons
 y - a +6 antimagic broad axe
 I - the +12 war axe "Areonik" (weapon) {flame, rN+++ MR- Str+5 Int+2}
   (You found it on level 12 of the Dungeon)

   It has been specially enchanted to burn those struck by it, causing extra
   injury to most foes and up to half again as much damage against particularly
   susceptible opponents.
   Big, fiery blades are also staple armaments of hydra-hunters.
   It affects your strength (+5).
   It affects your intelligence (+2).
   It renders you almost immune to negative energy.
   It affects your resistance to hostile enchantments.
Armour
 o - a +0 plate armour (worn)
 B - a +2 shield of cold resistance (worn)
 G - a +1 cloak (worn)
 N - the +3 hat of Pondering (worn) {ponderous, MR+ MP+10 Int+5}
   (You took it off Gastronok on level 1 of the Lair of Beasts)

   It affects your intelligence (+5).
   It affects your resistance to hostile enchantments.
   It affects your magic capacity (+10).
 T - the +0 pair of gloves of Marbles (worn) {rElec}
   (You found it on level 7 of the Dungeon)

   It insulates you from electricity.
Jewellery
 n - the ring "Olaunih" (left hand) {AC+2 Int+4 Dex+4 Stlth+}
   (You found it on level 4 of the Dungeon)

   [ring of protection]

   It affects your AC (+2).
   It affects your intelligence (+4).
   It affects your dexterity (+4).
   It makes you more stealthy.
 C - an uncursed ring of protection from cold
 F - an uncursed ring of protection from fire
 M - an uncursed ring of ice
 P - a ring of poison resistance (right hand)
Wands
 g - a wand of digging (18/24)
 w - a wand of flame (35/48)
 K - a wand of acid (2/15)
 O - a wand of clouds (3/9)
 Q - a wand of lightning (7/15)
 X - a wand of digging (1/24)
Scrolls
 a - 2 scrolls of enchant weapon
 f - 2 scrolls of magic mapping
 i - 20 scrolls of identify
 m - a scroll of acquirement {unknown}
 p - a scroll of enchant armour
 r - 16 scrolls of remove curse
 t - 3 scrolls of teleportation
 v - 4 scrolls of recharging
 A - a scroll of random uselessness {unknown}
 E - a scroll of fog
 L - a scroll of silence {unknown}
 W - a scroll of torment {unknown}
Potions
 c - 11 potions of curing
 d - 2 potions of degeneration {!q!q}
 e - a potion of magic {unknown}
 h - 6 potions of heal wounds
 k - 2 potions of mutation {!q}
 l - 3 potions of cancellation
 q - 3 potions of might
 s - 2 potions of haste
 u - 6 potions of lignification {!q}
 z - 6 potions of agility
 D - 5 potions of brilliance
 U - a potion of berserk rage
Comestibles
 b - 12 royal jellies
 j - 16 meat rations
 H - 3 chunks of flesh
 J - 10 bread rations
 R - 12 fruits


   Skills:
 + Level 16.8 Fighting
 - Level 18.6 Axes
 + Level 10.9 Armour
 + Level 10.0 Dodging
 + Level 15.8 Shields


You had 14 spell levels left.
You didn't know any spells.

Dungeon Overview and Level Annotations

Branches:
Dungeon (12/15)            Temple (0/1) D:6            Lair (6/6) D:10
  Swamp (4/4) Lair:3       Spider (2/4) Lair:3        Slime (0/5) Lair:6
    Orc: D:9-12

Altars:
Ashenzari
Dithmenos
Gozag
Jiyva

Shops:
D:5 :}!*


Innate Abilities, Weirdness & Mutations

You reflexively headbutt those who attack you in melee.
You have a pair of horns on your head.


Message History

You feel sick.
You feel sick.
The orb spider weaves a glowing orb of energy.
An orb of destruction comes into view.
You feel sick.
The orb spider weaves a glowing orb of energy.
The orb of destruction hits you!
* * * LOW HITPOINT WARNING * * *
An orb of destruction comes into view.
You are too injured to fight recklessly!
You are too injured to fight recklessly!
Blink to where?
Press: ? - help, Dir - move target cursor You are very lightly contaminated with residual magic.
As you read the scroll of blinking, it crumbles to dust.
The orb spider begins to weave its threads into a brightly glowing ball.
As you read the scroll of teleportation, it crumbles to dust.
You feel strangely unstable.
You feel sick.
You feel sick. The orb of destruction hits you!
You die...

≈#............. ..^...#.
.≈.........#^. .. .#^.#...
#.#^.#.......#.... ......^. #
####.#≈.#.....#.#.#....#......
#....##.#.s...........#....##.#.
#...#.^...........#.....#.......
#...s...^....#!..............^#
..#§§s..#.............#...#..
#.......§§§§§§@#...^..#........
#..#^.#.#..#...#........#....#.
##.....[...?........#.........#
≈..#....##...#..........#......
#..............................
####..............#......#..#>.
..#.....^...#....##^........
≈≈.$##..#.†#...........#....
#...[..†††.....^.#...^....#


You could see 2 orb spiders.

Vanquished Creatures
  the Lernaean hydra (Swamp:4)
  Nikola (Swamp:4)
  Jorgrun (Swamp:4)
  Gastronok (Lair:1)
  A thorn hunter (Swamp:3)
  Frances (Spider:2)
  Aizul (Spider:2)
  A very ugly thing (Swamp:3)
  A spark wasp (Spider:2)
  13 hydras
  3 ghost crabs (Swamp:4)
  The ghost of p0werm0de the Jinx, a journeyman FeCK of Xom (D:10)
  Erica (D:8)
  4 alligators
  2 death yaks (Lair:6)
  Sonja (Lair:1)
  A spriggan druid (Swamp:3)
  2 shambling mangroves
  8 swamp dragons
  4 orb spiders
  9 wolf spiders
  2 ugly things
  An elephant (Lair:5)
  Maurice (D:8)
  A centaur zombie (D:10)
  A guardian serpent (Lair:6)
  10 black mambas
  A torpor snail (Lair:6)
  17 spiny frogs
  A gargoyle (D:10)
  2 rime drakes
  3 komodo dragons
  2 ice devils (Lair:3)
  6 tyrant leeches
  8 jumping spiders
  10 polar bears
  8 hippogriffs
  Prince Ribbit (D:8)
  21 blink frogs
  6 slime creatures (Swamp:1)
  12 hornets
  5 bog bodies
  2 dream sheep (Lair:6)
  15 redbacks
  4 spriggans
  11 tarantellas
  16 yaks
  4 wyverns
  2 wraiths
  2 shadows
  A human (D:7)
  A basilisk (Lair:4)
  4 hogs (D:7)
  Grum (D:8)
  28 vampire mosquitoes
  Eustachio (D:5)
  2 hungry ghosts
  Menkaure (D:4)
  11 swamp worms
  An acid dragon (D:11)
  21 water moccasins
  5 porcupines
  15 swamp drakes
  3 ice beasts
  3 sky beasts
  2 black bears
  5 ogres
  An eye of draining (D:8)
  2 phantoms
  4 orc warriors
  13 wolves
  2 centaurs
  11 crocodiles
  3 big kobolds
  10 bullfrogs
  3 scorpions
  A wyvern skeleton (D:10)
  8 killer bees
  11 wights
  6 electric eels
  4 howler monkeys
  3 crimson imps
  A bullfrog zombie (D:9)
  A quasit (D:9)
  2 jellies
  Crazy Yiuf (D:7)
  2 centaur skeletons (D:10)
  3 orc priests
  8 hounds
  2 bullfrog skeletons
  Terence (D:3)
  3 iguanas
  10 orc wizards
  3 worker ants
  A killer bee zombie (D:6)
  2 hound skeletons
  2 howler monkey zombies (D:5)
  7 gnolls
  12 adders
  2 shadow imps
  2 oozes
  2 adder skeletons
  8 leopard geckos
  36 orcs
  8 giant cockroaches
  4 hobgoblins (D:2)
  15 jackals
  3 quokkas
  3 ball pythons
  3 bats
  4 frilled lizards
  A giant cockroach zombie (D:6)
  8 goblins
  9 kobolds
  A quokka skeleton (D:8)
  6 rats
  6 briar patches (Swamp:3)
  A fungus (Lair:6)
  4 plants (Lair:6)
607 creatures vanquished.

Vanquished Creatures (collateral kills)
  A thorn hunter (Swamp:4)
  Louise (Swamp:4)
  A hydra (Lair:6)
  A wolf spider (Lair:6)
  3 spiny frogs (Lair:6)
  A komodo dragon (Lair:6)
  5 dream sheep (Lair:6)
  A hippogriff (Lair:6)
  2 wyverns (Lair:6)
  2 water moccasins (Lair:6)
  A wolf (D:8)
  A bullfrog (D:8)
20 creatures vanquished.

Vanquished Creatures (others)
  A hydra (Swamp:4)
  A ghost crab (Swamp:4)
  2 swamp dragons (Swamp:4)
  A hornet (Swamp:4)
  A redback (Spider:2)
  A spriggan (Swamp:4)
  A swamp worm (Swamp:4)
  A swamp drake (Swamp:4)
  An orc (D:12)
  7 briar patches
  17 fungi
  17 plants (Lair:6)
51 creatures vanquished.

Grand Total: 678 creatures vanquished

Notes
Turn   | Place    | Note
-------+----------+-------------------------------------------
     0 | D:1      | SpeedyPerson7 the Minotaur Berserker began the quest for the Orb.
     0 | D:1      | Reached XP level 1. HP: 19/19 MP: 0/0
   148 | D:1      | Reached skill level 4 in Axes
   184 | D:2      | Reached XP level 2. HP: 25/27 MP: 1/1
   205 | D:2      | Reached XP level 3. HP: 31/33 MP: 2/2
   313 | D:2      | Reached skill level 5 in Axes
   524 | D:3      | Noticed Terence
   528 | D:3      | Killed Terence
   528 | D:3      | Reached XP level 4. HP: 41/41 MP: 3/3
   531 | D:3      | Reached ** piety under Trog
   543 | D:3      | Reached skill level 6 in Axes
   746 | D:3      | Reached XP level 5. HP: 45/47 MP: 4/4
   761 | D:3      | Reached skill level 5 in Fighting
  1388 | D:4      | Noticed Menkaure
  1393 | D:4      | Killed Menkaure
  1393 | D:4      | Reached skill level 7 in Axes
  1393 | D:4      | Reached XP level 6. HP: 56/56 MP: 5/5
  1922 | D:4      | Got a fine steel ring
  1923 | D:4      | Identified the ring "Olaunih" {AC+2 Int+4 Dex+4 Stlth+} (You found it on level 4 of the Dungeon)
  2267 | D:5      | Entered Level 5 of the Dungeon
  2273 | D:5      | Found Qouroy's Book Boutique.
  2274 | D:5      | Found Ydghazxuss's Gadget Boutique.
  2274 | D:5      | Found Kiemu's Assorted Antiques.
  2280 | D:5      | Found Qynt's Distillery.
  2291 | D:5      | Bought a potion of curing for 33 gold pieces
  2512 | D:5      | Found a shadowy altar of Dithmenos.
  2522 | D:5      | Noticed an ice beast
  2534 | D:5      | Killed an ice beast
  2534 | D:5      | Reached skill level 8 in Axes
  2677 | D:5      | Noticed Eustachio
  2689 | D:5      | Killed Eustachio
  2689 | D:5      | Reached XP level 7. HP: 64/64 MP: 6/6
  3091 | D:5      | Reached *** piety under Trog
  3135 | D:5      | Bought a shiny shield for 202 gold pieces
  3215 | D:6      | Reached skill level 9 in Axes
  3215 | D:6      | Reached skill level 1 in Shields
  3338 | D:6      | Found a staircase to the Ecumenical Temple.
  3580 | D:6      | Reached XP level 8. HP: 73/73 MP: 7/7
  3615 | D:6      | Reached skill level 10 in Axes
  4747 | D:7      | Reached **** piety under Trog
  4747 | D:7      | Reached skill level 11 in Axes
  5058 | D:7      | Reached XP level 9. HP: 82/82 MP: 8/8
  5070 | D:7      | Got a pair of jewelled gloves
  5081 | D:7      | Identified the +0 pair of gloves of Marbles {rElec} (You found it on level 7 of the Dungeon)
  5104 | D:7      | Found a runed door.
  5143 | D:7      | Reached skill level 5 in Shields
  5333 | D:7      | Noticed Crazy Yiuf
  5336 | D:7      | Killed Crazy Yiuf
  5425 | D:8      | Reached skill level 12 in Axes
  5500 | D:8      | Noticed Maurice
  5510 | D:8      | Killed Maurice
  5564 | D:8      | Noticed Erica
  5587 | D:8      | Reached XP level 10. HP: 92/92 MP: 9/9
  5589 | D:8      | Killed Erica
  5589 | D:8      | Reached skill level 10 in Fighting
  5589 | D:8      | Reached skill level 13 in Axes
  5617 | D:8      | Noticed Grum
  5646 | D:8      | Killed Grum
  5842 | D:8      | Paralysed by a hornet for 1 turns
  5982 | D:8      | Noticed Prince Ribbit
  5991 | D:8      | Killed Prince Ribbit
  6107 | D:8      | Reached ***** piety under Trog
  6195 | D:9      | Found a shattered altar of Ashenzari.
  6217 | D:9      | Reached skill level 14 in Axes
  6220 | D:9      | Received a gift from Trog
  6596 | D:9      | Noticed a cyan ugly thing
  6604 | D:9      | Killed a cyan ugly thing
  6856 | D:10     | Entered Level 10 of the Dungeon
  6966 | D:10     | Noticed a gargoyle
  6974 | D:10     | Killed a gargoyle
  6974 | D:10     | Reached XP level 11. HP: 102/102 MP: 10/10
  7070 | D:10     | Received a gift from Trog
  7108 | D:10     | Noticed p0werm0de's ghost (journeyman FeCK)
  7483 | D:10     | Killed p0werm0de's ghost
  7483 | D:10     | Reached skill level 15 in Axes
  7706 | D:10     | Found a staircase to the Lair.
  7853 | Lair:1   | Entered Level 1 of the Lair of Beasts
  7962 | Lair:1   | Noticed Gastronok
  7976 | Lair:1   | Killed Gastronok
  7976 | Lair:1   | Reached skill level 10 in Shields
  8277 | Lair:1   | Noticed Sonja
  8286 | Lair:1   | Killed Sonja
  8860 | Lair:2   | Noticed a four-headed hydra
  8871 | Lair:2   | Reached skill level 16 in Axes
  8872 | Lair:2   | Killed an 11-headed hydra
  9239 | Lair:2   | Found an opulent altar of Gozag.
  9338 | Lair:2   | Reached XP level 12. HP: 102/113 MP: 7/11
  9668 | Lair:3   | Found a hole to the Spider Nest.
  9846 | Lair:3   | Found a staircase to the Swamp.
 10755 | Lair:4   | Noticed a four-headed hydra
 10768 | Lair:4   | Killed a ten-headed hydra
 10984 | Lair:4   | Reached skill level 17 in Axes
 11896 | Lair:5   | Reached skill level 18 in Axes
 12155 | Lair:5   | Reached XP level 13. HP: 79/122 MP: 7/12
 12392 | Lair:6   | Entered Level 6 of the Lair of Beasts
 12857 | Lair:6   | Received a gift from Trog
 13630 | Lair:6   | Reached skill level 5 in Armour
 13730 | Lair:6   | Found a viscous altar of Jiyva.
 13731 | Lair:6   | Found a staircase to the Slime Pits.
 14348 | D:11     | Reached skill level 5 in Dodging
 14957 | D:12     | Received a gift from Trog
 15146 | D:12     | Reached XP level 14. HP: 133/133 MP: 7/13
 15265 | D:12     | Got a twisted war axe
 15266 | D:12     | Identified the +12 war axe "Areonik" {flame, rN+++ MR- Str+5 Int+2} (You found it on level 12 of the Dungeon)
 15501 | Swamp:1  | Entered Level 1 of the Swamp
 15908 | Swamp:1  | Reached skill level 15 in Fighting
 16146 | Swamp:1  | Paralysed by a hornet for 2 turns
 17239 | Swamp:3  | Received a gift from Trog
 17315 | Swamp:3  | Noticed a green very ugly thing
 17328 | Swamp:3  | Killed a green very ugly thing
 17397 | Swamp:3  | Noticed a thorn hunter
 18006 | Swamp:4  | Entered Level 4 of the Swamp
 18009 | Swamp:4  | Noticed Nikola
 18128 | Swamp:3  | Killed a thorn hunter
 18328 | Swamp:4  | Noticed Jorgrun
 18620 | Swamp:4  | Noticed the 27-headed Lernaean hydra
 18631 | Swamp:4  | Killed the 21-headed Lernaean hydra
 18631 | Swamp:4  | Reached XP level 15. HP: 144/144 MP: 14/14
 18649 | Swamp:4  | Noticed Louise
 18656 | Swamp:4  | Killed Jorgrun
 18779 | Swamp:4  | Reached skill level 15 in Shields
 19062 | Swamp:4  | Received a gift from Trog
 19074 | Swamp:4  | Noticed a thorn hunter
 19087 | Swamp:4  | Killed a thorn hunter
 19567 | Swamp:4  | Killed Louise
 19770 | Swamp:4  | Killed Nikola
 19796 | Swamp:4  | Got a decaying rune of Zot
 19955 | Swamp:4  | Reached skill level 10 in Armour
 20309 | Spider:1 | Entered Level 1 of the Spider Nest
 20921 | Spider:2 | Noticed Frances
 20931 | Spider:2 | Killed Frances
 21095 | Spider:2 | Noticed Aizul
 21104 | Spider:2 | Killed Aizul
 21104 | Spider:2 | Reached skill level 10 in Dodging
 21134 | Spider:2 | Blown up by an orb spider

Vault maps used:
D:1:      dpeg_arrival_refuge, tso_altar
D:3:      first_bread, uniq_terence
D:4:      uniq_menkaure
D:5:      old_standard_altar, minmay_shop_grid_forest,
          kennysheep_generic_room_8, uniq_eustachio
D:6:      temple_statues
D:7:      grunt_livestock, uniq_crazy_yiuf_cottage
D:8:      lemuel_upstairs_altar, wad_dig_loot, uniq_grum, uniq_erica,
          uniq_maurice, uniq_prince_ribbit1
D:9:      cheibrodos_ashenzari_chains
D:10:     lair_entry_dummy, minmay_misc_feat_secret_circle, minivault_26
D:12:     erik_orc_1
Lair:1:   grunt_forest_large_clearing_hut, uniq_sonja, uniq_gastronok
Lair:2:   basic_altar, grunt_megastairs_1, infiniplex_staircase_pool,
          serial_bayou_shore_b
Lair:3:   minmay_swamp_entry_eels, dummy_spider_entry,
          portal_ice_cave_demonic_guard
Lair:4:   guppyfry_lair_drakes
Lair:5:   beast_lair_carwin_7, serial_bayou_shore_b, serial_bayou_shore_b
Lair:6:   hangedman_lair_tendril_chambers, dpeg_slime_entry_enclosed_altar
Swamp:1:  nicolae_swamp_fairy_circle
Swamp:2:  evilmike_swamp_ruin_rubble_1
Swamp:3:  evilmike_swamp_ruin_house_3
Swamp:4:  swamp_old_school, uniq_jorgrun, uniq_nikola, uniq_louise
Spider:1: uniq_josephine
Spider:2: uniq_aizul, uniq_frances

Skill      XL: |  1  2  3  4  5  6  7  8  9 10 11 12 13 14 15 |
---------------+----------------------------------------------+-----
Axes           | 4 5 6 7 8 9 11 12 14 16 18 | 18.6
Fighting       | 4 5 6 7 8 9 11 12 13 14 16 | 16.8
Shields        | 2 4 6 8 10 12 13 14 15 | 15.8
Armour         | 5 9 10 | 10.9
Dodging        | 5 8 10 | 10.0

Action                   |  1- 3 |  4- 6 |  7- 9 | 10-12 | 13-15 || total
-------------------------+-------+-------+-------+-------+-------++-------
Melee: Hand axe          |    39 |   109 |   241 |    41 |       ||   430
       Headbutt          |     4 |    22 |    67 |   123 |   192 ||   408
       War axe           |       |       |       |   181 |   460 ||   641
       Broad axe         |       |       |       |   294 |   317 ||   611
Invok: Berserk           |     1 |     3 |    10 |    12 |    15 ||    41
       Trog's Hand       |       |     1 |     1 |       |     1 ||     3
       Burn Spellbooks   |       |       |     1 |     2 |     4 ||     7
       Brothers in Arms  |       |       |     1 |       |     6 ||     7
Evoke: Wand              |       |       |       |       |     8 ||     8
  Use: Scroll            |       |       |    10 |     3 |    19 ||    32
       Potion            |       |       |       |       |     8 ||     8
 Stab: Distracted        |       |       |     1 |       |       ||     1
       Confused          |       |       |       |       |     1 ||     1
  Eat: Chunk             |       |     5 |    13 |    27 |    37 ||    82
       Bread ration      |       |     1 |     1 |     1 |     2 ||     5
       Meat ration       |       |       |       |     1 |       ||     1
       Fruit             |       |       |       |       |     1 ||     1
Armor: Animal skin       |     7 |     4 |       |       |       ||    11
       Chain mail        |       |    50 |    44 |       |       ||    94
       Plate armour      |       |       |    59 |   174 |   336 ||   569
       Skin              |       |       |       |       |    54 ||    54
Dodge: Dodged            |    21 |    46 |    33 |    72 |   264 ||   436
Block: Shield            |       |       |   101 |   311 |   567 ||   979

Table legend:
 A = Spawn XP
 B = Non-spawn XP
 C = Spawn XP percentage of total XP
 D = Spawn monster count
 E = Non-spawn monster count
 F = Spawn count percentage of total count
 G = Total turns spent on level
                    A         B        C        D         E        F      G
               +---------+---------+-------+---------+---------+-------+---------
         Total |       0 |  143156 |   0.0 |       0 |     618 |   0.0 | 21134
               +---------+---------+-------+---------+---------+-------+---------
           D:1 |       0 |       8 |   0.0 |       0 |       7 |   0.0 |   178
           D:2 |       0 |      85 |   0.0 |       0 |      17 |   0.0 |   346
           D:3 |       0 |     131 |   0.0 |       0 |      22 |   0.0 |   807
           D:4 |       0 |     249 |   0.0 |       0 |      10 |   0.0 |   936
           D:5 |       0 |     488 |   0.0 |       0 |      18 |   0.0 |   905
           D:6 |       0 |    1259 |   0.0 |       0 |      34 |   0.0 |  1007
           D:7 |       0 |    1632 |   0.0 |       0 |      22 |   0.0 |  1238
           D:8 |       0 |    4592 |   0.0 |       0 |      56 |   0.0 |   748
           D:9 |       0 |    2078 |   0.0 |       0 |      27 |   0.0 |  1031
          D:10 |       0 |    3353 |   0.0 |       0 |      21 |   0.0 |   699
          D:11 |       0 |    1489 |   0.0 |       0 |      19 |   0.0 |   703
          D:12 |       0 |    1682 |   0.0 |       0 |      18 |   0.0 |   551
        Lair:1 |       0 |    4843 |   0.0 |       0 |      13 |   0.0 |  1008
        Lair:2 |       0 |    3462 |   0.0 |       0 |      11 |   0.0 |   856
        Lair:3 |       0 |    4744 |   0.0 |       0 |      14 |   0.0 |  1361
        Lair:4 |       0 |    4398 |   0.0 |       0 |      14 |   0.0 |  1049
        Lair:5 |       0 |   10418 |   0.0 |       0 |      46 |   0.0 |   832
        Lair:6 |       0 |   23310 |   0.0 |       0 |      81 |   0.0 |  1652
       Swamp:1 |       0 |   10888 |   0.0 |       0 |      36 |   0.0 |   807
       Swamp:2 |       0 |    4438 |   0.0 |       0 |      16 |   0.0 |   578
       Swamp:3 |       0 |   11271 |   0.0 |       0 |      29 |   0.0 |   990
       Swamp:4 |       0 |   27755 |   0.0 |       0 |      35 |   0.0 |  2027
      Spider:1 |       0 |    8357 |   0.0 |       0 |      28 |   0.0 |   549
      Spider:2 |       0 |   12226 |   0.0 |       0 |      24 |   0.0 |   276
               +---------+---------+-------+---------+---------+-------+---------
